 Dungeon Crawl Stone Soup version 0.16.1-11-g651b585 (webtiles) character file.

137 jacksonaction the Grave Robber (level 5, -6/38 HPs)
             Began as a Hill Orc Necromancer on Apr 4, 2015.
             Was an Initiate of Beogh.
             Killed by nerve-wracking pain
             ... invoked by Grinder
              (12 damage)
             ... on level 3 of the Dungeon.
             The game lasted 00:25:50 (3343 turns).

jacksonaction the Grave Robber (HONe)               Turns: 3343, Time: 00:25:51

Health: -6/38      AC:  2    Str: 11    XL:     5   Next: 20%
Magic:  7/7        EV: 12    Int: 16    God:    Beogh [......]
Gold:   193        SH:  0    Dex: 11    Spells: 3 memorised, 2 levels left

rFire  . . .     SeeInvis .     (no weapon)
rCold  . . .     Clarity  .     a - +0 robe
rNeg   . . .     SustAb   .     (no shield)
rPois  .         Gourm    .     (no helmet)
rElec  .         Spirit   .     (no cloak)
rCorr  .         Warding  .     (no gloves)
rMut   .         Stasis   .     (no boots)
MR     .....                    (no amulet)
Stlth  ++........               (no ring)
                                (no ring)

@: not resistant to hostile enchantments, unstealthy
A: no striking features
a: Renounce Religion


You were on level 3 of the Dungeon.
You worshipped Beogh.
Beogh was noncommittal.
You were hungry.

You visited 1 branch of the dungeon, and saw 3 of its levels.

You collected 193 gold pieces.

Inventory:

Missiles
 i - 3 poisoned needles
 k - 40 stones (quivered)
 u - 8 javelins
Armour
 a - a +0 robe (worn)
Magical devices
 s - a wand of magic darts (34)
Scrolls
 e - 4 scrolls of remove curse {unknown}
 h - 3 scrolls of identify {unknown}
 m - a scroll of teleportation {unknown}
 q - a scroll of enchant armour {unknown}
 t - a scroll of amnesia {unknown}
Potions
 n - 3 potions of curing {unknown}
 o - a potion of heal wounds {unknown}
 p - 2 potions of haste {unknown}
 r - a potion of restore abilities {unknown}
Books
 b - a book of Necromancy

   Spells                             Type                      Level
   a - Pain                           Necromancy                   1
   b - Animate Skeleton               Necromancy                   1
   c - Vampiric Draining              Necromancy                   3
   d - Regeneration                   Charms/Necromancy            3
   e - Animate Dead                   Necromancy                   4
   f - Control Undead                 Necromancy                   4
Comestibles
 c - 2 meat rations
 d - 2 fruits
 f - a beef jerky
 g - 3 slices of pizza
 j - a chunk of flesh
 l - 2 bread rations


   Skills:
 - Level 1.5 Dodging
 - Level 1.5 Stealth
 - Level 1.5 Spellcasting
 + Level 6.3 Necromancy


You had 2 spell levels left.
You knew the following spells:

 Your Spells              Type           Power        Failure   Level  Hunger
a - Pain                  Necr           ###.         1%          1    ##.....
b - Animate Skeleton      Necr           N/A          1%          1    ##.....
c - Vampiric Draining     Necr           ###.......   6%          3    ####...


Dungeon Overview and Level Annotations

Branches:
Dungeon (3/15)

Altars:

Annotations:
D:3 Grinder


Message History

Grinder gestures.
Grinder blinks!
Grinder gestures at you. You resist with significant effort.
Grinder gestures at you. Pain shoots through your body!
* * * LOW HITPOINT WARNING * * *
Grinder gestures at you. You resist with significant effort.
Grinder gestures at you.
You barely resist. Grinder gestures at you.
You suddenly lose the ability to move!
You can move again.
Grinder gestures at you. Pain shoots through your body!
* * * LOW HITPOINT WARNING * * *
Grinder gestures at you. Pain shoots through your body!
You die...

.[...............##.#.#.....#....
####..............(............#.
#......#.....###.#.#####.#..#.
#......#####.......## #.##...
##......# ####.....####.##...
#.......# #...#...........
#...##### #.......##)##...
##..#############..........###..
#...#.......5..@....####...###..
#...........##...# #....##..
#.......######...#####....##.
#.......# #...##..........
##.....## #...##..........
####### ######..........
####....### ##..## ####


You could see Grinder.

Vanquished Creatures
  An orc priest (D:3)
  A gnoll (D:2)
  4 adders
  4 giant geckos
  2 orcs (D:3)
  A ball python (D:1)
  A giant cockroach (D:1)
  3 hobgoblins
  6 jackals
  2 quokkas (D:2)
  7 bats
  A giant newt (D:1)
  4 goblins
  6 kobolds
  8 rats
51 creatures vanquished.

Vanquished Creatures (collateral kills)
  2 adders
  A giant mite (D:3)
  A hobgoblin (D:3)
  A bat (D:1)
  3 goblins (D:1)
  A rat (D:3)
9 creatures vanquished.

Vanquished Creatures (others)
  An adder skeleton (D:2)
  An orc (D:3)
  5 bat skeletons
  2 giant gecko skeletons
  A giant newt skeleton (D:1)
  4 goblin skeletons
  2 hobgoblin skeletons (D:2)
  3 jackal skeletons
  A kobold skeleton (D:1)
  2 orc skeletons (D:3)
  2 quokka skeletons (D:2)
  5 rat skeletons
29 creatures vanquished.

Grand Total: 89 creatures vanquished

Notes
Turn   | Place    | Note
--------------------------------------------------------------
     0 | D:1      | jacksonaction, the Hill Orc Necromancer, began the quest for the Orb.
     0 | D:1      | Reached XP level 1. HP: 14/14 MP: 2/2
   487 | D:1      | Reached XP level 2. HP: 18/20 MP: 0/3
   533 | D:1      | Learned a level 1 spell: Animate Skeleton
  1204 | D:1      | Reached skill level 5 in Necromancy
  1204 | D:1      | Reached XP level 3. HP: 18/26 MP: 0/5
  1259 | D:2      | Learned a level 3 spell: Vampiric Draining
  1713 | D:2      | Reached XP level 4. HP: 26/33 MP: 1/6
  2835 | D:3      | Reached skill level 6 in Necromancy
  3114 | D:3      | Became a worshipper of Beogh the Brigand
  3128 | D:3      | Reached XP level 5. HP: 36/38 MP: 4/7
  3234 | D:3      | Noticed Grinder
  3311 | D:3      | Paralysed by Grinder for 7 turns
  3338 | D:3      | Paralysed by Grinder for 3 turns
  3343 | D:3      | Killed from afar by Grinder

Action                   |  1- 3 |  4- 6 || total
-------------------------+-------+-------++-------
Melee: Unarmed           |     1 |     6 ||     7
Throw: Stone             |     4 |    35 ||    39
 Cast: Pain              |    59 |    46 ||   105
       Animate Skeleton  |    15 |    14 ||    29
Invok: Convert to Beogh  |       |     1 ||     1
  Eat: Chunk             |     4 |     6 ||    10
